 Dungeon Crawl Stone Soup version 0.24-a0-537-g2d01d4ab0a (webtiles) character file.

Game seed: 1612202490745711738

23529 Gargoyl the Protected (level 12, -14/100 HPs)
             Began as a Centaur Abyssal Knight on Aug 13, 2019.
             Was a High Priest of Lugonu.
             Killed from afar by a lindwurm (39 damage)
             ... with a blast of flame
             ... on level 3 of the Lair of Beasts.
             The game lasted 00:34:37 (26564 turns).

Gargoyl the Protected (Centaur Abyssal Knight)     Turns: 26564, Time: 00:34:39

Health: -14/100    AC: 17    Str: 16    XL:     12   Next: 72%
Magic:  18/18      EV:  4    Int: 11    God:    Lugonu [*****.]
Gold:   538        SH:  9    Dex: 13    Spells: 11/11 levels left

rFire    . . .     SeeInvis .   a - +6 hand axe (elec)
rCold    . . .     Gourm    .   y - +0 shield
rNeg     . . .     Faith    .   d - +2 plate armour
rPois    .         Spirit   .   e - +0 helmet
rElec    +         Reflect  .   p - +0 cloak
rCorr    .         Harm     .   (no gloves)
MR       +....                  (no barding)
Stlth    ..........             (no amulet)
HPRegen  0.26/turn              z - ring of protection from magic
MPRegen  0.16/turn              (no ring)

@: lethally poisoned (-14 -> -17), very quick
A: large, hooves 3, deformed body, speed 2, electricity resistance, tough skin
3, subdued magic 1
a: Depart the Abyss, Bend Space, Banish, Corrupt, Enter the Abyss, Renounce
Religion


You were on level 3 of the Lair of Beasts.
You worshipped Lugonu.
Lugonu was extremely pleased with you.
You were not hungry.

You visited 2 branches of the dungeon, and saw 13 of its levels.
You visited the Abyss 1 time.

You collected 538 gold pieces.

Inventory:

Hand Weapons
 a - a +6 hand axe of electrocution (weapon)
Missiles
 f - 7 boomerangs (quivered)
Armour
 d - a +2 plate armour (worn)
 e - a +0 helmet (worn)
 p - a +0 cloak (worn)
 y - a +0 shield (worn)
Jewellery
 z - a ring of protection from magic (left hand)
Wands
 o - a wand of polymorph (3)
 u - a wand of flame (12)
 w - a wand of disintegration (12)
 x - a wand of digging (14)
Scrolls
 g - 3 scrolls of identify
 h - 4 scrolls of blinking
 i - 2 scrolls of remove curse
 n - 4 scrolls of fear
 s - 4 scrolls of teleportation
 A - a scroll of fog
Potions
 j - 3 potions of flight
 k - 2 potions of ambrosia
 l - 3 potions of heal wounds
 m - 2 potions of mutation
 q - 3 potions of might
 r - a potion of resistance
 t - a potion of cancellation
 v - 2 potions of magic
 C - a potion of brilliance
Comestibles
 c - 19 rations


   Skills:
 + Level 7.2 Fighting
 + Level 9.6 Axes
 + Level 1.7 Throwing
 * Level 9.8 Armour
 * Level 6.7 Dodging
 + Level 3.1 Shields
 * Level 9.3 Invocations
 + Level 0.9 Evocations


You had 11 spell levels left.
You didn't know any spells.
Your spell library was empty.

Dungeon Overview and Level Annotations

Branches:
Dungeon (10/15)            Temple (0/1) D:5            Lair (3/6) D:9
 Shoals (0/4) Lair:3          Orc (0/2) D:9
  Snake: Lair:2-4    Spider: Lair:2-4

Altars:
Cheibriados
Dithmenos
Elyvilon
Gozag
Kikubaaqudgha
Nemelex Xobeh
Ru
Trog
Vehumet
Xom


Innate Abilities, Weirdness & Mutations

You have hooves in place of feet.
Armour fits poorly on your strangely shaped body.
You cover ground very quickly.
You have extremely tough skin. (AC +3)
You are resistant to electric shocks. (rElec)
Your spells are a little easier to cast, but a little less powerful.


Message History

The lindwurm is moderately wounded.
The lindwurm bites you but does no damage.
The lindwurm claws you but does no damage. x2
Your plate armour prevents you from hitting the lindwurm.
You kick the lindwurm, but do no damage.
The lindwurm is moderately wounded.
You feel sick.
You slash the lindwurm! You kick the lindwurm.
The lindwurm is severely wounded.
You feel sick.
The lindwurm bites you but does no damage.
You block the lindwurm's attack.
The lindwurm claws you but does no damage.
You hit the lindwurm.
You kick the lindwurm, but do no damage.
The lindwurm is severely wounded.
You feel sick. The lindwurm breathes flames at you.
The blast of flame hits you!!!
You die...

##.≈..##...........P...
##.≈..###.....##..#P...
#.§≈§.# #.....#######..
#..§≈.# #.....##...#...
###.≈.###.....#....##..
##.≈≈.##..........##..
#...≈.##..........##..
##..≈.##......#####...
#..≈@##.....P##.#P...
#.≈≈k##..............
#.≈..##..............
#.≈.###..####..####..
#### #..# #### ### ####


You could see a lindwurm.

Vanquished Creatures
  2 black mambas
  A merfolk siren (Lair:3)
  5 spiny frogs
  5 komodo dragons
  A rime drake (Lair:2)
  A troll (D:9)
  Grinder (D:3)
  A hornet (Lair:1)
  A spriggan (D:7)
  22 yaks
  3 wyverns
  Grum (D:8)
  2 hungry ghosts
  Menkaure (D:4)
  16 water moccasins
  Duvessa (D:4)
  7 porcupines
  2 orc warriors (D:9)
  2 sky beasts
  12 ice beasts
  A phantom (D:6)
  6 black bears
  2 necrophages
  3 centaurs
  An eye of draining (D:8)
  9 ogres
  15 wolves
  5 crocodiles
  7 big kobolds
  11 bullfrogs
  3 gnoll sergeants
  Dowan (D:4)
  3 scorpions
  48 killer bees
  3 wights (D:9)
  5 electric eels
  A howler monkey (D:5)
  5 crimson imps
  A bullfrog zombie (D:5)
  5 jellies
  4 orc priests
  4 bullfrog skeletons
  A centaur zombie (D:5)
  5 hounds
  10 orc wizards
  Crazy Yiuf (D:3)
  An iguana (D:8)
  12 worker ants
  2 hound zombies
  Robin (D:3)
  A worker ant zombie (D:5)
  4 gnolls
  23 adders
  3 shadow imps (D:7)
  7 oozes
  2 adder zombies
  2 adder skeletons
  5 worms (D:2)
  4 dart slugs
  3 leopard geckos
  42 orcs
  3 giant cockroaches
  22 goblins
  6 hobgoblins
  3 jackals
  6 quokkas
  A ball python zombie (D:5)
  4 bats
  6 frilled lizards
  A jackal skeleton (D:5)
  A jackal zombie (D:5)
  21 kobolds
  A leopard gecko skeleton (D:4)
  A leopard gecko zombie (D:8)
  A quokka skeleton (D:4)
  7 rats
  A fungus (Lair:2)
  4 plants
448 creatures vanquished.

Vanquished Creatures (others)
  A hydra (Lair:2)
  2 spiny frogs (Lair:1)
  A komodo dragon (Lair:1)
  A troll (D:9)
  A slime creature (D:6)
  A water moccasin (Lair:2)
  A human (D:3)
  A killer bee (Lair:2)
  21 fungi
  29 plants
  8 toadstools (D:5)
67 creatures vanquished.

Grand Total: 515 creatures vanquished

Notes
Turn   | Place    | Note
-------+----------+-------------------------------------------
     0 | Abyss:1  | Gargoyl the Centaur Abyssal Knight began the quest for the
                  | Orb.
     0 | Abyss:1  | Reached XP level 1. HP: 19/19 MP: 2/2
   108 | Abyss:1  | Noticed a sixfirhy
   119 | D:1      | Escaped the Abyss
   129 | D:1      | Reached XP level 2. HP: 19/26 MP: 1/3
   166 | D:1      | Reached * piety under Lugonu
   370 | D:1      | Reached skill level 1 in Dodging
   770 | D:1      | Reached XP level 3. HP: 29/31 MP: 4/4
  1360 | D:2      | Reached ** piety under Lugonu
  1379 | D:2      | Reached XP level 4. HP: 14/39 MP: 5/5
  1679 | D:2      | Reached XP level 5. HP: 22/46 MP: 7/7
  2161 | D:2      | Found an opulent altar of Gozag.
  2161 | D:2      | Found a shimmering altar of Xom.
  2161 | D:2      | Found a radiant altar of Vehumet.
  2274 | D:3      | Found an ancient bone altar of Kikubaaqudgha.
  2282 | D:3      | Noticed Grinder
  2284 | D:3      | Noticed a human
  2289 | D:3      | Killed a human
  2291 | D:3      | Paralysed by Grinder for 7 turns
  2312 | D:3      | Killed Grinder
  2312 | D:3      | Reached XP level 6. HP: 37/52 MP: 8/8
  2350 | D:3      | You fall into a shaft and drop 2 floors!
  2350 | D:5      | Entered Level 5 of the Dungeon
  2719 | D:4      | Found a bloodstained altar of Trog.
  2739 | D:4      | Reached *** piety under Lugonu
  3235 | D:3      | Noticed Robin
  3259 | D:3      | Killed Robin
  3561 | D:3      | Found a runed translucent door.
  3562 | D:3      | Noticed Crazy Yiuf
  3567 | D:3      | Killed Crazy Yiuf
  3567 | D:3      | Reached XP level 7. HP: 57/58 MP: 9/9
  3619 | D:4      | Gained mutation: Your spells are a little easier to cast,
                  | but a little less powerful. [potion of mutation]
  3619 | D:4      | Gained mutation: You are resistant to electric shocks.
                  | (rElec) [potion of mutation]
  3648 | D:4      | Noticed Menkaure
  3695 | D:4      | Killed Menkaure
  3973 | D:4      | Noticed Duvessa
  3973 | D:4      | Noticed Dowan
  3988 | D:4      | Killed Duvessa
  3992 | D:4      | Killed Dowan
  4163 | D:4      | Found a white marble altar of Elyvilon.
  4302 | D:5      | Reached XP level 8. HP: 64/67 MP: 11/11
  4648 | D:5      | Reached **** piety under Lugonu
  4648 | D:5      | Reached skill level 5 in Axes
  4852 | D:5      | Found a shadowy altar of Dithmenos.
  4872 | D:5      | You fall into a shaft and drop 3 floors!
  5043 | D:5      | Found a staircase to the Ecumenical Temple.
  5124 | D:5      | Reached skill level 5 in Invocations
  5278 | D:5      | Noticed a slime creature
  5278 | D:5      | Noticed a slime creature
  5612 | D:6      | Banished a slime creature
  5612 | D:6      | Reached skill level 5 in Armour
  5863 | D:5      | Banished a slime creature
  6067 | D:5      | Reached XP level 9. HP: 24/73 MP: 12/12
  6968 | D:6      | Found a snail-covered altar of Cheibriados.
  7104 | D:6      | Reached skill level 5 in Fighting
  9090 | D:7      | Reached ***** piety under Lugonu
  9725 | D:8      | Noticed Grum
 10009 | D:8      | Reached XP level 10. HP: 43/81 MP: 14/14
 10010 | D:8      | Killed Grum
 10296 | D:8      | Found a sparkling altar of Nemelex Xobeh.
 10860 | D:8      | Found a sacrificial altar of Ru.
 11787 | D:9      | Found a staircase to the Orcish Mines.
 13838 | D:9      | Found a staircase to the Lair.
 13862 | D:9      | Reached skill level 5 in Dodging
 14330 | D:9      | Reached XP level 11. HP: 75/89 MP: 16/16
 14446 | D:9      | Reached skill level 1 in Shields
 14484 | D:9      | Reached skill level 1 in Throwing
 14881 | D:10     | Entered Level 10 of the Dungeon
 14932 | Lair:1   | Entered Level 1 of the Lair of Beasts
 15167 | Lair:1   | Found a frozen archway.
 16084 | Lair:1   | Paralysed by a hornet for 2 turns
 20265 | Lair:2   | Noticed a six-headed hydra
 20277 | Lair:2   | Banished a six-headed hydra
 21870 | Lair:2   | Reached XP level 12. HP: 31/97 MP: 18/18
 26048 | Lair:3   | Found a staircase to the Shoals.
 26564 | Lair:3   | Killed from afar by a lindwurm

Levels and vault maps discovered:
D:1:      minmay_arrival_five_plusses, layout_rooms
D:2:      cheibrodos_pilgrimage, layout_rooms,
          gammafunk_temple_overflow_forgotten, minmay_heptomino_w4
D:3:      layout_loops_cross, minmay_curled_crystal, tgw_kikubaaqudgha,
          uniq_crazy_yiuf_cottage, uniq_grinder, uniq_robin
D:4:      layout_rooms, lemuel_doored_altar, lemuel_crystal_altar,
          minmay_quantized, uniq_menkaure, uniq_duvessa
D:5:      cheibrodos_fertilizer, layout_basic, grunt_dithmenos_smoke,
          minmay_temple_entry_overgrown, first_ration
D:6:      layout_cave_pools, lemuel_crystal_altar, kennysheep_boxes
D:7:      layout_layer_cave, serial_bayou_pond_b, minivault_25, the_bakery
D:8:      layout_rooms, nicolae_ru_path_of_blood, kennysheep_mini_moat,
          uniq_grum
D:9:      layout_basic, minmay_lair_entry_grove,
          kennysheep_orc_monster_closet_entryway, serial_glass, glass_columns_b,
          glass_columns_b, grunt_decor_arrowhead
D:10:     layout_roguey, special_room [special_room_orc], basic_altar,
          minivault_16, uniq_fannar
Lair:1:   minmay_lair_venomous_thicket, layout_loops_ring,
          portal_ice_cave_entry_ice_beasts, minmay_stone_trees_small,
          grunt_megastairs_2
Lair:2:   wad_woods_minihive, layout_long_grid, serial_bayou_lake_a
Lair:3:   lemuel_reptile_caves, layout_regular_city,
          minmay_shoals_entry_lonely_mermaid, nicolae_spider_entry_orb_guardian,
          ebering_ghost_reflecting_pool, nicolae_volcano_entry_vermiform,
          minmay_lair_oklob_chamber

Skill      XL: |  1  2  3  4  5  6  7  8  9 10 11 12 |
---------------+-------------------------------------+-----
Axes           | 2 3 4 5 7 8 9 |  9.6
Dodging        | 1 2 3 4 5 6 |  6.7
Armour         | 2 3 4 5 6 7 9 |  9.8
Invocations    | 3 4 5 6 7 8 9 |  9.3
Fighting       | 4 5 6 7 |  7.2
Shields        | 2 3 |  3.1
Throwing       | 1 |  1.7
Evocations     | |  0.9

Action                   |  1- 3 |  4- 6 |  7- 9 | 10-12 || total
-------------------------+-------+-------+-------+-------++-------
Melee: Hand axe          |   113 |   153 |   426 |  1236 ||  1928
       Kick              |    17 |    29 |   105 |   280 ||   431
Throw: Boomerang         |       |       |     8 |    29 ||    37
Invok: Depart the Abyss  |     1 |       |       |       ||     1
       Banish            |       |       |     2 |    10 ||    12
       Bend Space        |       |       |       |     3 ||     3
Evoke: Wand              |       |       |     6 |     1 ||     7
  Use: Potion            |     1 |     1 |     1 |     6 ||     9
       Scroll            |       |    14 |    10 |     6 ||    30
  Eat: Chunk             |     1 |     6 |    12 |    33 ||    52
       Ration            |       |       |     2 |     9 ||    11
Armor: Plate armour      |    79 |   144 |   343 |  1025 ||  1591
       Skin              |       |       |       |    17 ||    17
Dodge: Dodged            |     9 |    22 |    80 |   170 ||   281
Block: Shield            |       |       |       |   481 ||   481

Table legend:
 A = Non-vault XP
 B = Vault XP
 C = Vault XP percentage of total XP
 D = Non-vault monster count
 E = Vault monster count
 F = Vault count percentage of total count
                 A         B        C        D         E       F
            +---------+---------+-------+---------+---------+-------
      Total |   20165 |   13449 |  40.0 |     277 |     175 |  38.7
            +---------+---------+-------+---------+---------+-------
        D:1 |      45 |       0 |   0.0 |      21 |       0 |   0.0
        D:2 |      54 |     112 |  67.5 |      19 |      15 |  44.1
        D:3 |      20 |     354 |  94.7 |       8 |      13 |  61.9
        D:4 |     238 |     441 |  64.9 |      17 |       6 |  26.1
        D:5 |     906 |     445 |  32.9 |      32 |      14 |  30.4
        D:6 |     582 |     323 |  35.7 |      24 |       3 |  11.1
        D:7 |    1108 |     969 |  46.7 |      25 |       7 |  21.9
        D:8 |    1408 |     901 |  39.0 |      24 |       8 |  25.0
        D:9 |    2528 |    2642 |  51.1 |      38 |      24 |  38.7
       D:10 |      33 |       0 |   0.0 |       1 |       0 |   0.0
     Lair:1 |    2764 |    3339 |  54.7 |      13 |      34 |  72.3
     Lair:2 |    5641 |    1912 |  25.3 |      32 |      31 |  49.2
     Lair:3 |    4838 |    2011 |  29.4 |      23 |      20 |  46.5
            +---------+---------+-------+---------+---------+-------
